PL
DETROIT REAPERS @ ROCKY MOUNTAIN NUGGETS
09/19/2017
 
TOP OF THE 1ST
Detroit Reapers batting - Pitching for Rocky Mountain Nuggets : LHP Rusty Williamson
Pitching: LHP Rusty Williamson
Batting: RHB Jack Weber 0-0: Ball
1-0: Called Strike
1-1: Bunt missed!
1-2: Foul Ball, location: 2F
1-2: Ball
2-2: Ball
3-2: Base on Balls
Batting: LHB Adrián Rodríguez 0-0: Ball
1-0: Swinging Strike
1-1: Ball
2-1: Ball
3-1: Base on Balls
Jack Weber to second
Batting: SHB Eiji Suzuki 0-0: Ball
1-0: Foul Ball, location: 2F
1-1: Ball
2-1: Ball
3-1: Foul Ball, location: 2F
3-2: Base on Balls
Jack Weber to third
Adrián Rodríguez to second
Batting: RHB Eduardo Alvarado 0-0: Ball
1-0: Ball
2-0: Called Strike
2-1: Foul Ball, location: 2F
2-2: Ball
3-2: Fly out, F6 (Line Drive, 6)
3-2: Lined into DP, 6-4 (Line Drive, 6)
Batting: RHB Nick Simmons 0-0: Called Strike
0-1: Ground out 1-3 (Groundball, 15)
Top of the 1st over - 0 run(s), 0 hit(s), 0 error(s), 2 left on base; Detroit 0 - Rocky Mountain 0
BOTTOM OF THE 1ST
Rocky Mountain Nuggets batting - Pitching for Detroit Reapers : RHP Masood Thind
Pitching: RHP Masood Thind
Batting: LHB Jason Powell 0-0: SINGLE (Flyball, 7LM)
Batting: SHB Charles Waller 0-0: Called Strike
0-1: Ball
1-1: Fly out, F7 (Flyball, 7S)
Batting: RHB Juan Ávila 0-0: Grounds into double play, 5-4-3 (Groundball, 56)
Bottom of the 1st over - 0 run(s), 1 hit(s), 0 error(s), 0 left on base; Detroit 0 - Rocky Mountain 0
TOP OF THE 2ND
Detroit Reapers batting - Pitching for Rocky Mountain Nuggets : LHP Rusty Williamson
Batting: RHB Duncan Thomas 0-0: Called Strike
0-1: Swinging Strike
0-2: Ball
1-2: DOUBLE (Line Drive, 7LM)
Batting: SHB Yosuke Kiyomizu 0-0: Called Strike
0-1: Called Strike
0-2: Ball
1-2: Strikes out looking
Batting: RHB Ilusuarte Viamonte 0-0: Called Strike
0-1: Foul Ball, location: 2F
0-2: Fly out, F7 (Flyball, 7LM)
Batting: RHB Masood Thind 0-0: Called Strike
0-1: Called Strike
0-2: Ball
1-2: Strikes out looking
Top of the 2nd over - 0 run(s), 1 hit(s), 0 error(s), 1 left on base; Detroit 0 - Rocky Mountain 0
BOTTOM OF THE 2ND
Rocky Mountain Nuggets batting - Pitching for Detroit Reapers : RHP Masood Thind
Batting: RHB David Verhoeve 0-0: Ball
1-0: Ball
2-0: SINGLE (Groundball, 56)
Batting: LHB Alfredo Pérez 0-0: Ball
1-0: Ground out 1-3 (Groundball, 34S)
David Verhoeve to second
Batting: RHB Charles Jordan 0-0: Ball
1-0: Called Strike
1-1: Fly out, F3 (Line Drive, 3)
Batting: RHB Harold Coffman 0-0: Ball
1-0: Ball
2-0: Foul Ball, location: 2F
2-1: Foul Ball, location: 2F
2-2: Ball
3-2: Base on Balls
Batting: RHB Jason Nicholson 0-0: Foul Ball, location: 2F
0-1: Foul Ball, location: 2F
0-2: Fly out, F8 (Line Drive, 8RM)
Bottom of the 2nd over - 0 run(s), 1 hit(s), 0 error(s), 2 left on base; Detroit 0 - Rocky Mountain 0
TOP OF THE 3RD
Detroit Reapers batting - Pitching for Rocky Mountain Nuggets : LHP Rusty Williamson
Batting: RHB Jack Weber 0-0: Ball
1-0: Bunt for hit - play at first, batter OUT! 1-3
Batting: LHB Adrián Rodríguez 0-0: Ball
1-0: Ball
2-0: Foul Ball, location: 2F
2-1: Ground out 4-3 (Groundball, 4)
Batting: SHB Eiji Suzuki 0-0: Called Strike
0-1: Swinging Strike
0-2: SINGLE (Groundball, 56)
Batting: RHB Eduardo Alvarado 0-0: Called Strike
Eiji Suzuki steals 2nd base
0-1: Ball
1-1: Foul Ball, location: 2F
1-2: Ball
2-2: Ball
3-2: Foul Ball, location: 2F
3-2: Ground out 2-3 (Groundball, 2R)
Top of the 3rd over - 0 run(s), 1 hit(s), 0 error(s), 1 left on base; Detroit 0 - Rocky Mountain 0
BOTTOM OF THE 3RD
Rocky Mountain Nuggets batting - Pitching for Detroit Reapers : RHP Masood Thind
Batting: LHB Rusty Williamson 0-0: Called Strike
0-1: Ball
1-1: Ball
2-1: Ball
3-1: Called Strike
3-2: Base on Balls
Batting: LHB Jason Powell 0-0: DOUBLE (Flyball, 7LM)
Rusty Williamson to third
Batting: SHB Charles Waller 0-0: Called Strike
0-1: Ball
1-1: Ball
2-1: Called Strike
2-2: DOUBLE (Line Drive, 89M)
Rusty Williamson scores
Jason Powell scores
Batting: RHB Juan Ávila 0-0: Called Strike
0-1: Called Strike
0-2: Ground out 4-3 (Groundball, 4)
Charles Waller to third
Batting: RHB David Verhoeve 0-0: Ball
1-0: Foul Ball, location: 2F
1-1: Ball
2-1: Ball
3-1: Fly out, F8 (Flyball, 8RM)
Runner from 3rd tags up, OUT at HOME
Bottom of the 3rd over - 2 run(s), 2 hit(s), 0 error(s), 0 left on base; Detroit 0 - Rocky Mountain 2
TOP OF THE 4TH
Detroit Reapers batting - Pitching for Rocky Mountain Nuggets : LHP Rusty Williamson
Batting: RHB Nick Simmons 0-0: Called Strike
0-1: SOLO HOME RUN (Flyball, 7LD), Distance : 362 ft
Batting: RHB Duncan Thomas 0-0: Ball
1-0: Called Strike
1-1: Swinging Strike
1-2: Ball
2-2: Strikes out swinging
Batting: SHB Yosuke Kiyomizu 0-0: Ground out 5-3 (Groundball, 5)
Batting: RHB Ilusuarte Viamonte 0-0: Called Strike
0-1: Ball
1-1: Foul Ball, location: 2F
1-2: Ball
2-2: Foul Ball, location: 2F
2-2: Fly out, F3 (Popup, 23F)
Top of the 4th over - 1 run(s), 1 hit(s), 0 error(s), 0 left on base; Detroit 1 - Rocky Mountain 2
BOTTOM OF THE 4TH
Rocky Mountain Nuggets batting - Pitching for Detroit Reapers : RHP Masood Thind
Batting: LHB Alfredo Pérez 0-0: Ball
1-0: Foul Ball, location: 2F
1-1: Swinging Strike
1-2: Ball
2-2: Ball
3-2: Base on Balls
Batting: RHB Charles Jordan 0-0: Foul Ball, location: 2F
0-1: Called Strike
0-2: Foul Ball, location: 2F
0-2: Foul Ball, location: 2F
0-2: SINGLE (Line Drive, 9S)
Alfredo Pérez to second
Batting: RHB Harold Coffman 0-0: Ball
1-0: Foul Ball, location: 2F
1-1: Ball
2-1: Ground out 5-3 (Groundball, 56S)
Alfredo Pérez to third
Charles Jordan to second
Batting: RHB Jason Nicholson 0-0: Intentional Walk
Batting: LHB Rusty Williamson 0-0: Called Strike
0-1: Ball
1-1: Foul Ball, location: 2F
1-2: SINGLE (Groundball, 4MD)
Alfredo Pérez scores
Charles Jordan to third
Jason Nicholson to second
Runner from 3rd tries for Home, throw and OUT!
Batting: LHB Jason Powell 0-0: Ball
1-0: Ball
2-0: Foul Ball, location: 2F
2-1: Ball
3-1: Base on Balls
Jason Nicholson to third
Rusty Williamson to second
Batting: SHB Charles Waller 0-0: Ball
1-0: Swinging Strike
1-1: Foul Ball, location: 2F
1-2: Strikes out swinging
Bottom of the 4th over - 1 run(s), 2 hit(s), 0 error(s), 3 left on base; Detroit 1 - Rocky Mountain 3
TOP OF THE 5TH
Detroit Reapers batting - Pitching for Rocky Mountain Nuggets : LHP Rusty Williamson
Batting: RHB Masood Thind 0-0: Ball
1-0: Foul Ball, location: 2F
1-1: Ball
2-1: SINGLE (Line Drive, 34D)
Batting: RHB Jack Weber 0-0: Called Strike
0-1: Bunted foul
0-2: Ball
1-2: Ball
2-2: Foul Ball, location: 2F
2-2: DOUBLE (Flyball, 78M)
Masood Thind to third
Batting: LHB Adrián Rodríguez 0-0: Ball
1-0: Foul Ball, location: 2F
1-1: Ball
2-1: Foul Ball, location: 2F
2-2: Fly out, F7 (Popup, 8LS)
Batting: SHB Eiji Suzuki 0-0: Ball
1-0: Swinging Strike
1-1: Fly out, F7 (Flyball, 78D)
Runner from 3rd tags up, SCORES, no throw
Batting: RHB Eduardo Alvarado 0-0: Ball
1-0: Called Strike
1-1: Ball
2-1: Fly out, F3 (Popup, 3S)
Top of the 5th over - 1 run(s), 2 hit(s), 0 error(s), 1 left on base; Detroit 2 - Rocky Mountain 3
BOTTOM OF THE 5TH
Rocky Mountain Nuggets batting - Pitching for Detroit Reapers : RHP Masood Thind
Batting: RHB Juan Ávila 0-0: Ball
1-0: Called Strike
1-1: Ball
2-1: Foul Ball, location: 2F
2-2: Foul Ball, location: 2F
2-2: Foul Ball, location: 2F
2-2: Fly out, F4 (Popup, 9LS)
Batting: RHB David Verhoeve 0-0: DOUBLE (Line Drive, 7LS)
Pitching: RHP Casey Bader
Batting: LHB Alfredo Pérez 0-0: Called Strike
0-1: Ball
1-1: Fly out, F7 (Flyball, 7M)
Batting: RHB Charles Jordan 0-0: Called Strike
0-1: Called Strike
0-2: Ball
1-2: Strikes out swinging
Bottom of the 5th over - 0 run(s), 1 hit(s), 0 error(s), 1 left on base; Detroit 2 - Rocky Mountain 3
TOP OF THE 6TH
Detroit Reapers batting - Pitching for Rocky Mountain Nuggets : LHP Rusty Williamson
Batting: RHB Nick Simmons 0-0: Foul Ball, location: 2F
0-1: Foul Ball, location: 2F
0-2: Ball
1-2: SINGLE (Flyball, 8LS)
Batting: RHB Duncan Thomas 0-0: DOUBLE (Line Drive, 78D)
Nick Simmons to third
Pitching: LHP Brian O'Cullinan
Now at SS: Clement Fields
Batting: SHB Yosuke Kiyomizu 0-0: Ball
1-0: Foul Ball, location: 2F
1-1: Ball
2-1: Ball
3-1: Called Strike
3-2: Foul Ball, location: 2F
3-2: Base on Balls
Batting: RHB Ilusuarte Viamonte 0-0: Called Strike
0-1: Called Strike
0-2: Strikes out looking
Pinch Hitting: LHB Robert Bond 0-0: Fielders Choice at 2nd, 4-6 (Groundball, 34)
Nick Simmons scores
Duncan Thomas to third
Batting: RHB Jack Weber 0-0: Called Strike
0-1: Ground out 4-3 (Groundball, 4S)
Top of the 6th over - 1 run(s), 2 hit(s), 0 error(s), 2 left on base; Detroit 3 - Rocky Mountain 3
BOTTOM OF THE 6TH
Rocky Mountain Nuggets batting - Pitching for Detroit Reapers : RHP Casey Bader
Pitching: RHP Luis Ríos
Batting: RHB Harold Coffman 0-0: Ball
1-0: Ball
2-0: Ball
3-0: Base on Balls
Batting: RHB Jason Nicholson 0-0: Ball
1-0: Ball
2-0: Foul Ball, location: 2F
2-1: Foul Ball, location: 2F
2-2: Ball
3-2: Foul Ball, location: 2F
3-2: DOUBLE (Line Drive, 78M)
Harold Coffman to third
Batting: RHB Clement Fields 0-0: Called Strike
0-1: Fly out, F6 (Popup, 6D)
Batting: LHB Jason Powell 0-0: Called Strike
0-1: Ball
1-1: Ball
2-1: Ball
3-1: Called Strike
3-2: SINGLE (Line Drive, 9LM)
Harold Coffman scores
Jason Nicholson to third
Runner from 3rd tries for Home, throw and OUT!
Batting: SHB Charles Waller 0-0: Swinging Strike
0-1: Foul Ball, location: 2F
0-2: Strikes out looking
Bottom of the 6th over - 1 run(s), 2 hit(s), 0 error(s), 1 left on base; Detroit 3 - Rocky Mountain 4
TOP OF THE 7TH
Detroit Reapers batting - Pitching for Rocky Mountain Nuggets : LHP Brian O'Cullinan
Batting: LHB Adrián Rodríguez 0-0: Called Strike
0-1: Ball
1-1: Ball
2-1: Called Strike
2-2: Strikes out swinging
Batting: SHB Eiji Suzuki 0-0: Ground out 6-3 (Groundball, 6)
Batting: RHB Eduardo Alvarado 0-0: Ball
1-0: Ball
2-0: Called Strike
2-1: Foul Ball, location: 2F
2-2: Strikes out swinging
Top of the 7th over - 0 run(s), 0 hit(s), 0 error(s), 0 left on base; Detroit 3 - Rocky Mountain 4
BOTTOM OF THE 7TH
Rocky Mountain Nuggets batting - Pitching for Detroit Reapers : RHP Luis Ríos
Batting: RHB Juan Ávila 0-0: Called Strike
0-1: Ball
1-1: SINGLE (Groundball, 56D)
Batting: RHB David Verhoeve 0-0: Ball
1-0: Called Strike
1-1: Foul Ball, location: 2F
1-2: Ball
2-2: Ball
3-2: Strikes out swinging
Batting: LHB Alfredo Pérez 0-0: Ball
1-0: Called Strike
1-1: Ball
2-1: Ball
3-1: Base on Balls
Juan Ávila to second
Pinch Runner at 2nd Mark Melton:
Pinch Hitting: RHB Chris Lowe 0-0: Ball
1-0: Called Strike
1-1: Ball
2-1: Ball
3-1: Grounds into double play, 6-4-3 (Groundball, 6)
Bottom of the 7th over - 0 run(s), 1 hit(s), 0 error(s), 1 left on base; Detroit 3 - Rocky Mountain 4
TOP OF THE 8TH
Detroit Reapers batting - Pitching for Rocky Mountain Nuggets : LHP Brian O'Cullinan
Pitching: LHP Ryan Miller
Now at 2B: Mark Melton
Batting: RHB Nick Simmons 0-0: Swinging Strike
0-1: Fly out, F9 (Flyball, 89XD)
Pitching: RHP Luys Povoena
Batting: RHB Duncan Thomas 0-0: Swinging Strike
0-1: Ball
1-1: Called Strike
1-2: Ball
2-2: Foul Ball, location: 2F
2-2: Ball
3-2: Base on Balls
Pinch Hitting: LHB Keith Spear 0-0: Called Strike
0-1: Foul Ball, location: 2F
0-2: Ball
1-2: Strikes out swinging
Batting: RHB Ilusuarte Viamonte 0-0: Called Strike
0-1: Ball
1-1: Ball
2-1: Ball
3-1: Foul Ball, location: 2F
3-2: Fly out, F8 (Line Drive, 8LS)
Top of the 8th over - 0 run(s), 0 hit(s), 0 error(s), 1 left on base; Detroit 3 - Rocky Mountain 4
BOTTOM OF THE 8TH
Rocky Mountain Nuggets batting - Pitching for Detroit Reapers : RHP Luis Ríos
Now at 1B: Keith Spear
Batting: RHB Harold Coffman 0-0: Ball
1-0: Ball
2-0: SINGLE (Groundball, 56D)
Batting: RHB Jason Nicholson 0-0: Ball
1-0: Swinging Strike
1-1: Foul Ball, location: 2F
1-2: Ball
2-2: Foul Ball, location: 2F
2-2: Strikes out looking
Batting: RHB Clement Fields 0-0: Called Strike
0-1: Foul Ball, location: 2F
0-2: 2-RUN HOME RUN (Flyball, 7LD), Distance : 354 ft
Pitching: RHP Jim Washington
Now at 3B: Miguel Castillo
Batting: LHB Jason Powell 0-0: Ground out 1-3 (Groundball, 15)
Batting: SHB Charles Waller 0-0: Ball
1-0: Called Strike
1-1: Ball
2-1: Swinging Strike
2-2: Ball
3-2: Foul Ball, location: 2F
3-2: Ground out U3 (Groundball, 3S)
Bottom of the 8th over - 2 run(s), 2 hit(s), 0 error(s), 0 left on base; Detroit 3 - Rocky Mountain 6
TOP OF THE 9TH
Detroit Reapers batting - Pitching for Rocky Mountain Nuggets : RHP Luys Povoena
Pitching: RHP Richard Davis
Batting: LHB Miguel Castillo 0-0: Called Strike
0-1: Ball
1-1: Fly out, F8 (Flyball, 8LD)
Batting: RHB Jack Weber 0-0: Called Strike
0-1: Ball
1-1: Swinging Strike
1-2: Ball
2-2: Foul Ball, location: 2F
2-2: Ball
3-2: Ground out 5-3 (Groundball, 56S)
Batting: LHB Adrián Rodríguez 0-0: DOUBLE (Flyball, 8LXD)
Batting: SHB Eiji Suzuki 0-0: Ball
1-0: Ground out 4-3 (Groundball, 34)
Top of the 9th over - 0 run(s), 1 hit(s), 0 error(s), 1 left on base; Detroit 3 - Rocky Mountain 6
This league is powered by Out of the Park Baseball, the baseball management simulation game for PC, Mac and Linux
Saturday, February 27th, 2021 - OOTP Baseball 15.6 Build 34